 Dungeon Crawl Stone Soup version 0.30-a0-576-g89cddaab80 (webtiles) character file.

Game seed: 5169022288029016117

240863 Newt the Impaler (level 18, -14/151 HPs)
             Began as a Demonspawn Gladiator on Dec 30, 2022.
             Was a Believer of Yredelemnul.
             Killed from afar by a crystal guardian (59 damage)
             ... with a crystal bolt
             ... in the Desolation of Salt.
             The game lasted 01:10:54 (35014 turns).

Newt the Impaler (Demonspawn Gladiator)            Turns: 35014, Time: 01:10:54

Health: -14/151    AC: 20    Str: 30    XL:     18   Next: 63%
Magic:  0/28       EV: 16    Int: 13    God:    Yredelemnul [**....]
Gold:   1294       SH: 13    Dex: 19    Spells: 17/17 levels left

rFire   x . .      SeeInvis +    a - +3 demon trident (elec)
rCold   + + .      Faith    .    b - +0 buckler {rC+}
rNeg    . . .      Spirit   +    J - +2 ring mail {Will+}
rPois   +          Reflect  +    f - +0 hat {SInv}
rElec   .          Harm     .    O - +2 cloak {rPois}
rCorr   .          Rampage  .    (no gloves)
Will    +++..                    (boots unavailable)
Stlth   ++                       s - amulet "Joreph" {Reflect Str+7 Int+4 Dex+4 SH+5}
HPRegen 0.45/turn                F - +4 ring of protection
MPRegen 0.42/turn                T - ring of ice

@: no status effects
A: hooves 3, thin metallic scales 2, icemail 2, magic shield, magic
regeneration, condensation shield, demonic willpower, horns 2, poison resistance
}: 2/15 runes: serpentine, barnacled
a: Renounce Religion, Recall Undead Harvest, Dark Bargain


You were in the Desolation of Salt.
You worshipped Yredelemnul.
Yredelemnul was pleased with you.
You visited 8 branches of the dungeon, and saw 30 of its levels.
You also visited: Bailey, Ice Cave and Desolation.

You collected 2553 gold pieces.
You spent 1259 gold pieces at shops.

Inventory:

Hand Weapons
 a - a +3 demon trident of electrocution (weapon)
 j - a +3 demon trident of freezing
 x - a +1 demon trident of freezing
 H - a +3 demon trident of venom
Missiles
 d - 7 throwing nets (quivered)
Armour
 b - a +0 buckler of cold resistance (worn)
 f - a +0 hat of see invisible (worn)
 I - a +3 chain mail of fire resistance
 J - a +2 ring mail of willpower (worn)
 O - a +2 cloak of poison resistance (worn)
Jewellery
 g - the ring "Deuti" {rPois rF+ rCorr Int+3}
   (You took it off a ragged hierophant in the Desolation of Salt)

   [ring of protection from fire]

   Int:       It affects your intelligence (+3).
   rF:        It protects you from fire.
   rPois:     It protects you from poison.
   rCorr:     It protects you from acid and corrosion.
 q - a ring of positive energy
 s - the amulet "Joreph" (around neck) {Reflect Str+7 Int+4 Dex+4 SH+5}
   (You found it on level 3 of the Dungeon)

   [amulet of reflection]

   It reflects blocked missile attacks.
   Str:       It affects your strength (+7).
   Int:       It affects your intelligence (+4).
   Dex:       It affects your dexterity (+4).
   SH:        It affects your SH (+5).
 C - a ring of resist corrosion
 F - a +4 ring of protection (left hand)
 K - a ring of willpower
 M - a ring of magical power
 T - a ring of ice (right hand)
 U - the ring of Urar {rN++ MP+9 Str+2 Int-2}
   (You found it in the Desolation of Salt)

   [ring of magical power]

   Str:       It affects your strength (+2).
   Int:       It affects your intelligence (-2).
   rN:        It greatly protects you from negative energy.
   MP:        It affects your magic capacity (+9).
 W - the ring "Keuraneme" {Fire Contam Int+6 Dex+2}
   (You found it in the Desolation of Salt)

   [ring of fire]

   It enhances your fire magic.
   Int:       It affects your intelligence (+6).
   Dex:       It affects your dexterity (+2).
   rF:        It protects you from fire.
   rC:        It makes you vulnerable to cold.
   Contam:    It causes magical contamination when unequipped.
Wands
 n - a wand of polymorph (16)
 w - a wand of paralysis (13)
 A - a wand of iceblast (5)
 L - a wand of flame (12)
 P - a wand of quicksilver (29)
 R - a wand of mindburst (7)
Scrolls
 c - 4 scrolls of fog
 e - a scroll of brand weapon
 i - 3 scrolls of blinking
 k - 4 scrolls of fear
 r - a scroll of silence
 t - 5 scrolls of teleportation
 v - 2 scrolls of summoning
 G - 4 scrolls of magic mapping
 N - 5 scrolls of enchant armour
 V - 11 scrolls of identify
 X - 3 scrolls of poison
Potions
 l - 17 potions of curing
 o - 4 potions of cancellation
 p - a potion of mutation
 u - a potion of resistance
 z - 2 potions of magic
 B - 2 potions of might
 D - 3 potions of flight
 E - 9 potions of lignification
 Q - 2 potions of invisibility
 S - 3 potions of berserk rage
 Z - 2 potions of brilliance
Miscellaneous
 h - a lightning rod (4/4)
 m - a phantom mirror
 Y - a piece from Xom's chessboard (15/15)


   Skills:
 - Level 16.0 Fighting
 - Level 3.8 Short Blades
 - Level 16.0 Polearms
 - Level 4.0 Throwing
 - Level 14.0 Armour
 - Level 8.0 Dodging
 - Level 2.0 Stealth
 - Level 12.0 Shields
 - Level 14.0 Invocations
 + Level 13.8 Evocations


You had 17 spell levels left.
You didn't know any spells.
Your spell library contained the following spells:

 Spells                   Type           Power      Damage    Failure   Level
 Foxfire                  Conj/Fire      0%         2x1d4     43%         1
 Magic Dart               Conj           0%         1d3       43%         1
 Shock                    Conj/Air       0%         1d3       43%         1
 Call Imp                 Summ           0%         N/A       56%         2
 Call Canine Familiar     Summ           0%         N/A       80%         3
 Dazzling Flash           Conj/Hex       0%         N/A       80%         3
 Gell's Gravitas          Tloc           0%         N/A       80%         3
 Ignite Poison            Fire/Tmut/Pois 0%         N/A       80%         3
 Inner Flame              Hex/Fire       0%         N/A       80%         3
 Kindle Blastsparks       Fire/Tloc/Air  0%         2d10      80%         3
 Mephitic Cloud           Conj/Pois/Air  0%         N/A       80%         3
 Ozocubu's Armour         Ice            0%         N/A       80%         3
 Portal Projectile        Hex/Tloc       0%         N/A       80%         3
 Summon Guardian Golem    Hex/Summ       0%         N/A       80%         3
 Swiftness                Air            0%         N/A       80%         3
 Teleport Other           Tloc           0%         N/A       80%         3
 Airstrike                Air            0%         2d(0-16)  99%         4
 Flame Wave               Conj/Fire      0%         2d4       99%         4
 Iskenderun's Mystic Bla  Conj/Tloc      0%         2d3       99%         4
 Leda's Liquefaction      Hex/Erth       0%         N/A       99%         4
 Sticky Flame             Conj/Fire      0%         2d3       99%         4
 Agony                    Necr           0%         N/A       100%        5
 Fireball                 Conj/Fire      0%         3d3       100%        5
 Freezing Cloud           Conj/Ice/Air   0%         6-21      100%        5
 Summon Forest            Summ/Tloc      0%         N/A       100%        5
 Summon Mana Viper        Hex/Summ       0%         N/A       100%        5
 Dispersal                Tloc           0%         N/A       100%        6
 Starburst                Conj/Fire      0%         6d3       100%        6
 Summon Cactus Giant      Summ           0%         N/A       100%        6
 Haunt                    Necr/Summ      0%         N/A       100%        7
 Monstrous Menagerie      Summ           0%         N/A       100%        7
 Ozocubu's Refrigeration  Ice            0%         4d7       100%        7
 Disjunction              Tloc           0%         N/A       100%        8
 Ignition                 Fire           0%         3d3       100%        8
 Infestation              Necr           0%         N/A       100%        8
 Polar Vortex             Ice            0%         N/A       100%        9
 Animate Dead             Necr           Unusable   N/A       N/A         4
 Death Channel            Necr           Unusable   N/A       N/A         6
 Simulacrum               Ice/Necr       Unusable   N/A       N/A         6

Dungeon Overview and Level Annotations

Branches:
Dungeon (12/15)            Temple (1/1) D:5            Lair (5/5) D:11
 Shoals (4/4) Lair:2        Snake (4/4) Lair:2        Slime (1/5) Lair:4
    Orc (2/2) D:11            Elf (1/3) Orc:2        Bailey (visited)
  IceCv (visited)         Desolation (1/1)

Altars:
Ashenzari
Cheibriados
Dithmenos
Fedhas
Gozag
Hepliaklqana
Kikubaaqudgha
Makhleb
Nemelex Xobeh
Okawaru
Qazlal
Ru
Sif Muna
Trog
Uskayaw
Vehumet
Wu Jian
Xom
Yredelemnul

Shops:
D:4 (   D:5 !   D:11 ![*?   Orc:2 **[(   Shoals:2 [   Shoals:3 :   Shoals:4 [
Snake:1 [!!*   Snake:2 **:=:

Annotations:
Shoals:4 3 runed translucent doors
Elf:1 1 transporter, Maidghol's ghost, adept OpAE


Innate Abilities, Weirdness & Mutations

You have hooves in place of feet.
You are mostly covered in thin metallic scales. (AC +3)
A meltable icy envelope protects you from harm. (AC +0)
When hurt, damage is shared between your health and your magic reserves.
You regenerate magic rapidly.
A meltable shield of frost defends you. (SH +0)
You punish those that try to bend your will. (Will+)
You have a pair of horns on your head.
Your system is resistant to poisons. (rPois)


Message History

Aim: a crystal guardian (ally target, about 2% to evade your +3 demon trident of electrocution)
You hit the crystal guardian but do no damage.
You kick the crystal guardian, but do no damage.
Your guardian serpent zombie hits the crystal guardian.
The crystal guardian fires a crystalline bolt at you.
The crystal bolt freezes you!! You resist.
* * * LOW HITPOINT WARNING * * *
The crystal guardian attacks as you move away!
The crystal guardian misses you.
Your guardian serpent zombie hits the crystal guardian but does no damage.
The crystal guardian barely misses your guardian serpent zombie.
Your ragged hierophant zombie hits the crystal guardian but does no damage.
Reach: a) +3 demon trident (elec)
Press: ? - help, Dir - move target, f/p - crystal guardian
Aim: a crystal guardian (lightly damaged, ally target, about 2% to evade your +3 demon trident of electrocution)
You could not reach far enough!
Your guardian serpent zombie hits the crystal guardian!
Reach: a) +3 demon trident (elec)
Press: ? - help, Dir - move target, f/p - crystal guardian
Aim: a crystal guardian (moderately damaged, not watching you, ally target, about 2% to evade your +3 demon trident of electrocution)
You reach to attack!
You catch the helpless crystal guardian completely off-guard!
You puncture the crystal guardian!
The crystal guardian is moderately damaged.
The crystal guardian hits your guardian serpent zombie!!
Your guardian serpent zombie hits the crystal guardian but does no damage.
Your ragged hierophant zombie hits the crystal guardian but does no damage.
Your ragged hierophant zombie completely misses the crystal guardian.
Reach: a) +3 demon trident (elec)
Press: ? - help, Dir - move target, f/p - crystal guardian
Aim: a crystal guardian (moderately damaged, ally target, about 2% to evade your +3 demon trident of electrocution)
You reach to attack!
You hit the crystal guardian but do no damage.
The crystal guardian is moderately damaged.
Your guardian serpent zombie hits the crystal guardian but does no damage.
The crystal guardian fires a crystalline bolt at you.
The crystal bolt burns your guardian serpent zombie!!
The crystal bolt burns you!!! The fire burns you terribly!
You die...
Your body rises from the dead as a mindless zombie.

######################
#######################
#########################
...§.§....§...###########
....§§§....§.§.....######
.....§....§§§§.......####
......§§.§§§§§.........##
.#..§§§§§§§§.§..@.......#
.#...§§§§§§§...ZZ........
.##..§§§§§§....Z9###.....
..§.§§§§§.§...###..# ....
8.§##ZZ§##.#.## ...[# ..
..§§§§§§§.....# ....#
..§§§§§......#.. )....#
..§§§§§§........ .....#
.).§§§§........ ....##


You could see a crystal guardian (ally target), a friendly guardian serpent
zombie and 2 friendly ragged hierophant zombies.

Vanquished Creatures
  2 Ice Fiends (IceCv)
  Asterion (Snake:4)
  Gastronok (Lair:2)
  A rockslime (Slime:1)
  A fenstrider witch (Shoals:1)
  4 nagarajas (Snake:4)
  A frost giant (Shoals:4)
  An imperial myrmidon (Desolation)
  Aizul (Snake:1)
  2 orc warlords
  Louise (Snake:4)
  A crystal guardian (Desolation)
  A merfolk javelineer (Shoals:2)
  7 merfolk impalers
  Josephine (Orc:2)
  10 ragged hierophants (Desolation)
  2 hydras
  2 peacekeepers (Desolation)
  5 servants of whispers
  4 caustic shrike simulacra (IceCv)
  A merfolk aquamancer (Shoals:4)
  A centaur warrior (Shoals:3)
  2 merfolk avatars
  5 anacondas
  Erica (Lair:1)
  A satyr (Shoals:2)
  2 two-headed ogres
  A dancing weapon (Elf:1)
  7 naga warriors
  7 death yaks
  Urug (Lair:1)
  7 naga sharpshooters
  5 shock serpents
  Sonja (Lair:1)
  Amaemon (D:8)
  2 salamander mystics (Snake:4)
  3 sea snakes
  2 obsidian statues (IceCv)
  A bog body (IceCv)
  5 naga ritualists
  5 ironbound convokers (Desolation)
  2 deep elf zephyrmancers (Elf:1)
  16 harpies
  2 orc knights
  6 mana vipers
  A deep elf pyromancer (Elf:1)
  3 fauns (Shoals:2)
  A cyclops (Shoals:1)
  13 elephants
  5 manticores
  2 merfolk sirens
  4 salamanders
  3 water nymphs (Shoals:2)
  Maurice (D:9)
  11 naga magi
  Joseph (D:9)
  8 guardian serpents
  An orange demon (D:8)
  20 black mambas
  Maggie (D:9)
  5 cane toads
  5 freezing wraiths (IceCv)
  A kobold demonologist (D:9)
  9 komodo dragons
  2 rime drakes
  An anaconda simulacrum (Shoals:1)
  2 golden dragon simulacra (IceCv)
  2 ice devils (IceCv)
  12 merfolk
  3 polar bears
  A hornet (Lair:5)
  13 blink frogs
  11 dream sheep
  3 wind drakes
  39 saltlings
  6 snapping turtles
  2 slime creatures (Slime:1)
  6 water elementals
  4 shadows
  6 wraiths
  A dire elephant simulacrum (Shoals:1)
  4 wyverns
  36 yaks
  2 golden eyes (Slime:1)
  7 basilisks
  2 minotaur simulacra (IceCv)
  A steam dragon (D:8)
  5 wargs
  Menkaure (D:4)
  37 nagas
  7 water moccasins
  An acid dragon (D:11)
  2 hydra simulacra (IceCv)
  38 orc warriors
  An alligator simulacrum (Shoals:1)
  An ice beast (D:8)
  2 ettin simulacra (IceCv)
  2 ogres
  12 wolves
  17 centaurs
  A phantom (D:7)
  3 kobold brigands
  8 bullfrogs
  2 gnoll sergeants
  A necrophage (D:5)
  5 scorpions
  A deep troll simulacrum (Shoals:1)
  3 wights (D:7)
  A troll zombie (D:11)
  A killer bee (D:8)
  4 electric eels
  A howler monkey (D:4)
  2 lava snakes (Lair:1)
  3 jellies
  8 hounds
  14 orc priests
  2 iguanas
  14 orc wizards
  4 ogre zombies (D:11)
  14 gnolls
  6 adders
  A shadow imp (D:8)
  3 white imps
  3 worms
  3 dart slugs
  99 orcs
  10 ball pythons
  8 endoplasms
  3 giant cockroaches
  4 hobgoblins
  4 jackals
  12 kobolds
  5 quokkas
  5 bats
  2 frilled lizards
  10 goblins
  3 goblin skeletons (D:11)
  4 goblin zombies (D:11)
  3 hobgoblin skeletons (D:11)
  4 hobgoblin zombies (D:11)
  An orc skeleton (D:11)
  9 orc zombies
  4 rats
821 creatures vanquished.

Vanquished Creatures (collateral kills)
  Mara (Shoals:3)
  Bai Suzhen (Snake:3)
  Polyphemus (Shoals:3)
  Agnes (Snake:3)
  Ilsuiw (Shoals:2)
  A nagaraja (Snake:4)
  An orc warlord (Orc:1)
  A quicksilver ooze (Slime:1)
  A dire elephant (Lair:5)
  6 merfolk impalers
  3 merfolk javelineers (Shoals:4)
  A salamander tyrant (Snake:4)
  2 servants of whispers (Desolation)
  Harold (Lair:1)
  Fannar (D:11)
  2 merfolk avatars
  A great orb of eyes (Slime:1)
  2 hydras (Lair:5)
  2 anacondas (Snake:1)
  A catoblepas (Shoals:3)
  A merfolk aquamancer (Shoals:4)
  6 death yaks
  A centaur warrior (Shoals:2)
  A dancing weapon (Elf:1)
  3 satyrs
  A boulder beetle (Lair:5)
  The ghost of billz999 the Fighter, a novice DjIE of Makhleb (D:9)
  5 naga warriors
  A shock serpent (Snake:4)
  5 naga sharpshooters
  2 salamander mystics (Snake:4)
  7 sea snakes
  A bog body (IceCv)
  A deep elf archer (Elf:1)
  4 naga ritualists
  A lindwurm (Lair:2)
  2 deep elf zephyrmancers
  4 mana vipers
  A deep elf pyromancer (Elf:1)
  7 harpies
  7 fauns
  7 manticores
  2 cyclopes
  5 salamanders
  4 elephants
  3 black mambas
  2 water nymphs
  5 naga magi
  7 merfolk sirens
  3 guardian serpents (Snake:4)
  2 rime drakes (Lair:5)
  5 cane toads
  A freezing wraith (IceCv)
  4 komodo dragons
  15 merfolk
  3 wind drakes
  4 saltlings (Desolation)
  4 blink frogs
  A slime creature (Slime:1)
  6 snapping turtles
  8 dream sheep
  An air elemental (Elf:1)
  4 water elementals
  A wraith (Orc:2)
  13 yaks
  A wyvern (Lair:5)
  A basilisk (Lair:5)
  Grum (D:10)
  3 golden eyes (Slime:1)
  2 steam dragons
  2 minotaur simulacra (Shoals:1)
  A harpy simulacrum (Shoals:1)
  15 nagas
  3 water moccasins
  2 wargs
  5 orc warriors
  An ice beast (D:7)
  2 bullfrogs (Lair:2)
  A scorpion (D:7)
  A deep troll simulacrum (Shoals:1)
  A troll zombie (D:11)
  A lava snake (Lair:1)
  2 orc priests
  4 orc wizards
  2 ogre zombies (D:11)
  A worm (D:8)
  13 orcs
  An endoplasm (Lair:4)
  A goblin (D:9)
  A jackal (D:4)
  A hobgoblin zombie (D:11)
  A kobold (D:8)
  An orc skeleton (D:11)
  An orc zombie (D:11)
275 creatures vanquished.

Vanquished Creatures (others)
  A rockslime zombie (Slime:1)
  A catoblepas (D:9)
  A spectral orc (Orc:2)
  A quicksilver ooze zombie (Slime:1)
  A spriggan zombie (Snake:3)
  A spectral merfolk (Lair:5)
  2 anaconda zombies
  A shock serpent zombie (Snake:3)
  A catoblepas zombie (D:9)
  A mana viper zombie (Snake:3)
  13 harpy zombies
  4 guardian serpent zombies
  13 merfolk zombies
  6 black mamba zombies
  A slime creature zombie (Slime:1)
  2 spectral ice devils (IceCv)
  2 wind drake zombies (Shoals:4)
  A faun zombie (Shoals:4)
  2 salamander zombies (Snake:4)
  A two-headed ogre zombie (Orc:2)
  2 cane toad zombies (Lair:5)
  2 orc warriors (Orc:2)
  2 dream sheep zombies
  A snapping turtle zombie (Shoals:4)
  2 spectral golden eyes (Slime:1)
  A manticore zombie (Shoals:4)
  2 blink frog zombies
  A rime drake zombie (Lair:5)
  2 komodo dragon zombies (Lair:5)
  A wyvern zombie (Lair:2)
  2 water moccasin zombies (Lair:5)
  2 warg zombies (Orc:2)
  7 yak zombies
  5 wolf zombies
  4 bullfrog zombies
  6 centaur zombies
  3 basilisk zombies
  An orc priest (Orc:2)
  An ice beast zombie (D:8)
  12 naga zombies
  An ogre zombie (Orc:1)
  4 human zombies
  A spectral shadow imp (D:8)
  An orc (Orc:1)
  4 gnoll zombies
  2 endoplasm zombies (Lair:4)
  3 kobold zombies (D:9)
  48 orc zombies
  3 bushes (Lair:5)
  32 fungi
  158 plants
  2 withered plants (Desolation)
374 creatures vanquished.

Grand Total: 1470 creatures vanquished

Notes
Turn   | Place    | Note
-------+----------+-------------------------------------------
     0 | D:1      | Newt the Demonspawn Gladiator began the quest for the Orb.
     0 | D:1      | Reached XP level 1. HP: 16/16 MP: 1/1
    36 | D:1      | Reached skill level 1 in Stealth
    83 | D:1      | Gained mutation: You have large cloven feet. [demonic
                  | ancestry]
    83 | D:1      | Reached XP level 2. HP: 22/22 MP: 2/2
   207 | D:1      | Found a faded altar of an unknown god.
   550 | D:2      | Reached XP level 3. HP: 28/28 MP: 3/3
  1417 | D:3      | Reached XP level 4. HP: 23/37 MP: 1/4
  1553 | D:3      | Identified the amulet "Joreph" {Reflect Str+7 Int+4 Dex+4
                  | SH+5}
  2061 | D:3      | Gained mutation: You regenerate magic rapidly. [demonic
                  | ancestry]
  2061 | D:3      | Reached XP level 5. HP: 29/42 MP: 5/5
  2643 | D:4      | Noticed Menkaure
  2652 | D:4      | Killed Menkaure
  2653 | D:4      | Gained mutation: When hurt, damage is shared between your
                  | health and your magic reserves. [demonic ancestry]
  2653 | D:4      | Reached XP level 6. HP: 19/48 MP: 6/6
  2800 | D:4      | Found Jeogeuga's Antique Weapon Boutique.
  2803 | D:4      | Bought a glowing trident for 143 gold pieces
  2845 | D:4      | Reached skill level 1 in Polearms
  2950 | D:4      | Found a radiant altar of Vehumet.
  3321 | D:5      | Entered Level 5 of the Dungeon
  3605 | D:5      | Gained mutation: A meltable shield of frost defends you.
                  | (SH +0) [demonic ancestry]
  3605 | D:5      | Reached XP level 7. HP: 54/54 MP: 7/7
  3615 | D:5      | Reached skill level 5 in Polearms
  3720 | D:5      | Found a staircase to the Ecumenical Temple.
  3753 | D:5      | Found Oshrav's Distillery.
  3767 | D:5      | Bought a potion of heal wounds for 55 gold pieces
  3803 | Temple   | Entered the Ecumenical Temple
  4030 | Temple   | Became a worshipper of Yredelemnul the Dark
  4162 | D:5      | Reached * piety under Yredelemnul
  4371 | D:6      | Found a sparkling altar of Nemelex Xobeh.
  4484 | D:6      | Reached skill level 1 in Armour
  4489 | D:6      | Reached XP level 8. HP: 48/60 MP: 5/8
  4603 | D:6      | Reached ** piety under Yredelemnul
  4775 | D:6      | Reached *** piety under Yredelemnul
  5374 | D:7      | Reached skill level 5 in Invocations
  5483 | D:7      | Reached skill level 5 in Fighting
  5776 | D:7      | Found a faded altar of an unknown god.
  5776 | D:7      | Found a faded altar of an unknown god.
  5786 | D:7      | Found a shimmering blue altar of Sif Muna.
  5788 | D:7      | Found a blossoming altar of Fedhas.
  5985 | D:7      | Reached XP level 9. HP: 68/69 MP: 12/12
  6291 | D:8      | Found a shimmering blue altar of Sif Muna.
  6322 | D:8      | Reached skill level 10 in Polearms
  6371 | D:8      | Noticed an orange demon
  6372 | D:8      | Noticed Amaemon
  6389 | D:8      | Killed an orange demon
  6600 | D:8      | Killed Amaemon
  6749 | D:8      | Reached XP level 10. HP: 73/76 MP: 11/13
  6821 | D:8      | Found a snail-covered altar of Cheibriados.
  6926 | D:8      | Noticed a two-headed ogre
  6936 | D:8      | Killed a two-headed ogre
  6937 | D:8      | Reached skill level 5 in Evocations
  7067 | D:8      | Reached skill level 5 in Armour
  7322 | D:9      | Found a flagged portal.
  7333 | Bailey   | Entered a bailey
  8498 | Bailey   | Identified the +1 bardiche "Dejuugef" {freeze, rC- rCorr
                  | Int+3}
  8661 | D:9      | Noticed Maggie
  8671 | D:9      | Killed Maggie
  8679 | D:9      | Noticed Maurice
  8686 | D:9      | Noticed Joseph
  8703 | D:9      | Killed Maurice
  8728 | D:9      | Killed Joseph
  8729 | D:9      | Gained mutation: A meltable icy envelope protects you from
                  | harm. (AC +0) [demonic ancestry]
  8729 | D:9      | Reached XP level 11. HP: 74/81 MP: 14/14
  8729 | D:9      | Your ally Maurice died
  8796 | D:9      | Found a runed translucent door.
  8797 | D:9      | Noticed a catoblepas
  8797 | D:9      | Noticed billz999's ghost (novice DjIE)
  8833 | D:9      | Killed a catoblepas
  8842 | D:9      | Killed billz999's ghost
  9102 | D:9      | Noticed a sun demon
  9165 | D:9      | Found a hide-covered altar of Uskayaw.
  9255 | D:9      | Identified the +6 trident of the Dark Horse {speed, rPois
                  | Will++ Dex-2 Stlth+}
  9835 | D:10     | Entered Level 10 of the Dungeon
  9912 | D:10     | Noticed Grum
  9933 | D:10     | Killed Grum
 10372 | D:11     | Found Qoguun's Antique Armour Shop.
 10423 | D:11     | Bought a glowing buckler for 232 gold pieces
 10493 | D:11     | Reached **** piety under Yredelemnul
 10508 | D:11     | Found a staircase to the Lair.
 10536 | D:11     | Reached ***** piety under Yredelemnul
 10694 | D:11     | Noticed Fannar
 10696 | D:11     | Found Jyzu's Assorted Antiques.
 10712 | D:11     | Killed Fannar
 10720 | D:11     | Bought a scroll labelled YKALIE IFRIBB for 34 gold pieces
 10786 | D:11     | Found Jizozili's Distillery.
 10902 | D:11     | Found a staircase to the Orcish Mines.
 11086 | D:11     | Gained mutation: You have hoof-like feet. [demonic
                  | ancestry]
 11086 | D:11     | Reached XP level 12. HP: 89/89 MP: 15/15
 11250 | D:11     | Found Fyplauta's Magic Scroll Shop.
 11253 | D:11     | Bought a scroll of identify for 22 gold pieces
 11253 | D:11     | Bought a scroll of identify for 22 gold pieces
 11253 | D:11     | Bought a scroll of identify for 22 gold pieces
 11460 | Lair:1   | Entered Level 1 of the Lair of Beasts
 11507 | Lair:1   | Noticed Urug
 11534 | Lair:1   | Killed Urug
 11582 | Lair:1   | Noticed Erica
 11606 | Lair:1   | Killed Erica
 11769 | Lair:1   | Reached skill level 5 in Shields
 11868 | Lair:1   | Noticed Harold
 11885 | Lair:1   | Killed Harold
 12176 | Lair:1   | Noticed Sonja
 12183 | Lair:1   | Killed Sonja
 12589 | Lair:2   | Found a staircase to the Shoals.
 12791 | Lair:2   | Found a staircase to the Snake Pit.
 13445 | Lair:2   | Noticed Gastronok
 13461 | Lair:2   | Reached skill level 10 in Fighting
 13476 | Lair:2   | Killed Gastronok
 13477 | Lair:2   | Reached XP level 13. HP: 103/103 MP: 16/16
 14095 | Lair:3   | Reached skill level 10 in Armour
 14722 | Lair:4   | Found a staircase to the Slime Pits.
 15115 | Lair:4   | Reached ****** piety under Yredelemnul
 15548 | Lair:5   | Entered Level 5 of the Lair of Beasts
 15615 | Lair:5   | Reached skill level 10 in Evocations
 15807 | Lair:5   | Gained mutation: You are partially covered in thin metallic
                  | scales. (AC +2) [demonic ancestry]
 15807 | Lair:5   | Reached XP level 14. HP: 103/113 MP: 20/20
 16207 | Lair:5   | Reached skill level 10 in Invocations
 16420 | Lair:5   | Found the +7 captain's cutlass {speed, disarm}
 16436 | Lair:5   | Got the Tome of Intuition
 17081 | Orc:1    | Entered Level 1 of the Orcish Mines
 17081 | Orc:1    | Noticed an orc warlord
 17084 | Orc:1    | Noticed an orc warlord
 17609 | Orc:1    | Killed an orc warlord
 17642 | Orc:1    | Killed an orc warlord
 17871 | Orc:2    | Entered Level 2 of the Orcish Mines
 17892 | Orc:2    | Noticed Josephine
 17922 | Orc:2    | Killed Josephine
 18400 | Orc:2    | Found Bysoc's General Store.
 18483 | Orc:2    | Bought a scroll of magic mapping for 97 gold pieces
 18483 | Orc:2    | Bought a potion of heal wounds for 65 gold pieces
 18483 | Orc:2    | Bought a +2 ring mail of willpower for 273 gold pieces
 18540 | Orc:2    | Noticed an orc warlord
 18572 | Orc:2    | Your ally Josephine died
 18659 | Orc:2    | Killed an orc warlord
 18660 | Orc:2    | Reached skill level 5 in Dodging
 18687 | Orc:2    | Found Wawiev's General Store.
 18923 | Orc:2    | Found Gevimnyc's Antique Weapon Boutique.
 18936 | Orc:2    | Found Ecly's Antique Armour Shop.
 18949 | Orc:2    | Bought a pair of ichor-stained gloves for 294 gold pieces
 18949 | Orc:2    | Identified the +0 pair of gloves of Rumueh {Rampage +Blink
                  | Dex-5 Slay-4} (You bought it in a shop on level 2 of the
                  | Orcish Mines)
 19056 | Orc:2    | Found a staircase to the Elven Halls.
 19355 | Snake:1  | Entered Level 1 of the Snake Pit
 19405 | Snake:1  | Found Cucsitilor's General Store.
 19405 | Snake:1  | Noticed Aizul
 19406 | Snake:1  | Found Uxto Mae's Distillery.
 19406 | Snake:1  | Found Metain's Distillery.
 19431 | Snake:1  | Killed Aizul
 19432 | Snake:1  | Found Iwiumir's Antique Armour Shop.
 20079 | Snake:1  | Gained mutation: A meltable icy envelope protects you from
                  | harm. (AC +0) [demonic ancestry]
 20079 | Snake:1  | Reached XP level 15. HP: 114/120 MP: 23/25
 21775 | Snake:2  | Found Ibosizor's General Store.
 21780 | Snake:2  | Found Qatiq's Specific Store.
 21872 | Snake:2  | Found Pyfoytho's Book Emporium.
 21872 | Snake:2  | Found Bunuanoe's Jewellery Boutique.
 21873 | Snake:2  | Found Qira's Book Emporium.
 22400 | Snake:3  | Reached skill level 10 in Shields
 22744 | Snake:3  | Noticed Saint Roka
 22752 | Snake:3  | Noticed Agnes
 22770 | Snake:3  | Killed Agnes
 22803 | Snake:3  | Your ally Agnes died
 23845 | Snake:3  | Killed Saint Roka
 23845 | Snake:3  | Enslaved Saint Roka
 24262 | Snake:3  | Noticed Bai Suzhen
 24289 | Snake:3  | Killed Bai Suzhen
 24952 | Snake:4  | Entered Level 4 of the Snake Pit
 25117 | Snake:4  | Found a sparkling altar of Nemelex Xobeh.
 25179 | Snake:4  | Noticed a nagaraja
 25208 | Snake:4  | Gained mutation: You are mostly covered in thin metallic
                  | scales. (AC +3) [demonic ancestry]
 25208 | Snake:4  | Reached XP level 16. HP: 72/129 MP: 17/26
 25565 | Snake:4  | Noticed Asterion
 26046 | Snake:4  | Noticed Louise
 26055 | Snake:4  | Killed Louise
 26202 | Snake:4  | Killed Asterion
 26403 | Snake:4  | Reached skill level 15 in Polearms
 27112 | Snake:4  | Got a serpentine rune of Zot
 27437 | Shoals:1 | Entered Level 1 of the Shoals
 27534 | Shoals:1 | Found a frozen archway.
 27595 | IceCv    | Entered an ice cave
 28360 | IceCv    | Noticed an Ice Fiend
 28360 | IceCv    | Noticed an Ice Fiend
 28373 | IceCv    | Killed an Ice Fiend
 28380 | IceCv    | Killed an Ice Fiend
 28781 | Shoals:1 | Got the Secrets of the Wayfarer and Stolen Souls
 28824 | Shoals:1 | Gained mutation: You have hooves in place of feet. [demonic
                  | ancestry]
 28824 | Shoals:1 | Reached XP level 17. HP: 139/139 MP: 27/27
 29454 | Shoals:2 | Found Uqeag's Antique Armour Boutique.
 29454 | Shoals:2 | Noticed Ilsuiw
 29474 | Shoals:2 | Killed Ilsuiw
 30075 | Shoals:3 | Noticed Mara
 30084 | Shoals:3 | Noticed Newt's illusion
 30092 | Shoals:3 | Killed Mara
 30377 | Shoals:3 | Noticed Polyphemus
 30409 | Shoals:3 | Killed Polyphemus
 30683 | Shoals:3 | Found Puschu Siuts's Book Shoppe.
 31082 | Shoals:4 | Entered Level 4 of the Shoals
 31383 | Shoals:4 | Gained mutation: You have a pair of small horns on your
                  | head. [potion of mutation]
 31383 | Shoals:4 | Gained mutation: Your system is resistant to poisons.
                  | (rPois) [potion of mutation]
 31383 | Shoals:4 | Gained mutation: You have a pair of horns on your head.
                  | [potion of mutation]
 31747 | Shoals:4 | Reached skill level 15 in Fighting
 31765 | Shoals:4 | Found Taypotam's Antique Armour Shoppe.
 32219 | Shoals:4 | Found a runed translucent gate.
 32219 | Shoals:4 | Found a runed translucent gate.
 32219 | Shoals:4 | Found a runed translucent gate.
 32260 | Shoals:4 | Gained mutation: You punish those that try to bend your
                  | will. (Will+) [demonic ancestry]
 32260 | Shoals:4 | Reached XP level 18. HP: 143/151 MP: 25/28
 32776 | Shoals:4 | Got a barnacled rune of Zot
 32889 | Slime:1  | Entered Level 1 of the Pits of Slime
 33530 | Elf:1    | Entered Level 1 of the Elven Halls
 33532 | Elf:1    | Paralysed by an air elemental for 1 turns
 33869 | Elf:1    | Found a transporter.
 33870 | Elf:1    | Noticed Maidghol's ghost (adept OpAE)
 33910 | Elf:1    | Found a crumbling gateway.
 33914 | Desolati | Entered the Desolation of Salt
 34065 | Desolati | Identified the ring of Urar {rN++ MP+9 Str+2 Int-2}
 34216 | Desolati | Identified the +9 falchion of Salt {freeze, rC++ rCorr
                  | Dex-4 Stlth+}
 34264 | Desolati | Identified the ring "Deuti" {rPois rF+ rCorr Int+3}
 34770 | Desolati | Identified the ring "Keuraneme" {Fire Contam Int+6 Dex+2}
 34775 | Desolati | Identified the +0 long sword "Vaclucuo" {pain, *Noise
                  | +Blink Str+4 Dex+4}
 34775 | Desolati | Identified the amulet "Xutu Aho" {Reflect SH+5 Stlth+}
 35014 | Desolati | Killed from afar by a crystal guardian

Illustrated notes

Levels and vault maps discovered:
D:1:      lightli_arrival_lavapool, layout_rooms,
          shapermc_ecumenical_altar_notcrosses, minmay_split_cup_large
D:2:      layout_rooms, minmay_tetromino_o4
D:3:      layout_rooms
D:4:      layout_loops_ring, nicolae_vehumet_radiance, serial_shops, shop,
          uniq_menkaure
D:5:      layout_rooms, temple_statues, serial_shops, shop
D:6:      layout_loops_ring, mainiacjoe_overflow_tiny_flanked, elyvilon_altar_4,
          serial_bayou_pond_b
D:7:      layout_basic, chequers_temple_overflow_minitemple,
          kennysheep_cross_bottleneck
D:8:      layout_rooms, tso_oasis_becter, slow_altar_1, minmay_ruined_shrine,
          uniq_amaemon
D:9:      layout_basic, nicolae_uskayaw_murder_on_the_dancefloor,
          enter_bailey_3, ebering_ghost_inner_flame, uniq_joseph, uniq_maurice,
          uniq_maggie
D:10:     layout_basic, uniq_grum
D:11:     layout_gridville, erik_lair_dragon, zombieorc2_lemuel, serial_shops,
          nicolae_diamond_shop, kennysheep_mini_moat,
          nicolae_shop_advertising_works [nicolae_subvault_shop_adworks],
          nicolae_stop_n_shop_1, uniq_fannar
D:12:     layout_big_octagon, enter_trove_2, minmay_crystal_box
Temple:   nicolae_temple_figure_eight
Lair:1:   layout_chaotic_city, nicolae_lair_liquid_snakes,
          infiniplex_staircase_pool_2, uniq_sonja, uniq_erica, uniq_urug,
          uniq_harold
Lair:2:   layout_cave_pods, shoals_dummy_entry,
          minmay_snake_entry_guardpost_large, uniq_gastronok
Lair:3:   layout_chaotic_city
Lair:4:   layout_regular_city, nicolae_slime_entry_slimehenge,
          lemuel_fruit_fields
Lair:5:   gammafunk_lair_ancient_temple, layout_concentric_octagons
Shoals:1: layout_shoals, portal_ice_cave_entry_ice_simulacra,
          nicolae_shoals_beach_house_on_fowls_legs
Shoals:2: layout_shoals, serial_shops, nicolae_diamond_shop, uniq_ilsuiw
Shoals:3: layout_shoals, serial_shops, shop_statue, uniq_mara, uniq_polyphemus
Shoals:4: shoals_end_grunt_ice, layout_shoals, serial_shops, shop,
          nicolae_shoals_beach_cooler
Snake:1:  nicolae_snake_crotalidae_crossing, layout_chambers, minmay_shoptagon,
          uniq_aizul
Snake:2:  layout_basic, nicolae_specific_store, minmay_shop_grove,
          grunt_megastairs_2, lemuel_fruit_tree
Snake:3:  layout_chambers, nicolae_snake_springs, uniq_agnes, uniq_saint_roka,
          uniq_bai_suzhen
Snake:4:  johnstein_snake_rune_scales, layout_chambers, basic_altar,
          uniq_louise, uniq_asterion
Slime:1:  layout_caves
Orc:1:    layout_diamond_mine
Orc:2:    grunt_orc_community_town_hall, layout_caves,
          grunt_orc_community_big_house_1, grunt_orc_community_big_house_1,
          grunt_orc_community_house_3, grunt_orc_community_house_1,
          grunt_orc_community_house_3, grunt_orc_community_house_2,
          grunt_orc_community_house_1, uniq_josephine
Elf:1:    elf_arrival_002, layout_geoelf_octagon, gammafunk_ghost_arena,
          portal_desolation_entry_salt, minmay_elf_crystal_heptagon,
          uniq_frances
Desolation

Skill      XL: |  1  2  3  4  5  6  7  8  9 10 11 12 13 14 15 16 17 18 |
---------------+-------------------------------------------------------+-----
Stealth        | 1 2 |  2.0
Fighting       | 3 4 6 10 11 12 14 15 16 | 16.0
Throwing       | 3 4 |  4.0
Short Blades   | 3 |  3.8
Polearms       | 4 6 10 11 14 16 | 16.0
Dodging        | 4 6 8 |  8.0
Armour         | 3 4 8 10 11 14 | 14.0
Invocations    | 5 8 14 | 14.0
Shields        | 4 8 12 | 12.0
Evocations     | 4 5 8 10 13 | 13.8

Action                   |  1- 3 |  4- 6 |  7- 9 | 10-12 | 13-15 | 16-18 || total
-------------------------+-------+-------+-------+-------+-------+-------++-------
Melee: Rapier            |   122 |    96 |       |       |       |       ||   218
       Punch             |     2 |     3 |     2 |       |       |       ||     7
       Kick              |    24 |    39 |    17 |       |       |   137 ||   217
       Trident           |       |    61 |   218 |   756 |  1689 |   300 ||  3024
       Unarmed           |       |       |       |    22 |       |       ||    22
       Spear             |       |       |       |    82 |       |       ||    82
       Demon trident     |       |       |       |       |       |   843 ||   843
       Headbutt          |       |       |       |       |       |    72 ||    72
Throw: Javelin           |       |     3 |     2 |       |       |       ||     5
       Throwing net      |       |     1 |     2 |     2 |       |     1 ||     6
Invok: Recall Undead Har |       |       |       |     2 |    16 |    10 ||    28
       Dark Bargain      |       |       |       |       |     2 |    12 ||    14
       Bind Soul         |       |       |       |       |     4 |       ||     4
       Drain Life        |       |       |       |       |       |     3 ||     3
Evoke: Wand              |       |       |       |       |     2 |     1 ||     3
  Use: Scroll            |     2 |     4 |     4 |    12 |     5 |    12 ||    39
       Potion            |       |       |     3 |     3 |     3 |     9 ||    18
 Stab: Sleeping          |     1 |       |       |     5 |    10 |     6 ||    22
       Held in net/web   |       |     1 |       |     1 |       |       ||     2
       Distracted        |       |       |     1 |     9 |    16 |    13 ||    39
       Confused          |       |       |       |     2 |       |       ||     2
       Paralysed         |       |       |       |       |     4 |       ||     4
       Fleeing           |       |       |       |       |       |     1 ||     1
Armor: Leather armour    |    10 |       |       |       |       |       ||    10
       Scale mail        |    45 |    65 |    87 |   165 |    96 |       ||   458
       Skin              |       |       |       |     6 |       |       ||     6
       Ring mail         |       |       |       |       |    96 |   243 ||   339
       Chain mail        |       |       |       |       |     4 |       ||     4
Dodge: Dodged            |    71 |   110 |   109 |   179 |   225 |   261 ||   955
Block: Other             |       |    29 |   122 |    81 |       |       ||   232
       Reflection        |       |     1 |     7 |    14 |    47 |    45 ||   114
       Kite shield       |       |       |       |   105 |       |       ||   105
       Buckler           |       |       |       |    85 |   476 |   528 ||  1089

Table legend: (Time is in decaauts)
 A = Elapsed time spent in this place.
 B = Non-inter-level travel time spent in this place.
 C = Inter-level travel time spent in this place.
 D = Time resting spent in this place.
 E = Time spent auto-exploring this place.
 F = Levels seen in this place.
 G = Mean time per level.
                   A        B        C        D        E       F      G
               +--------+--------+--------+--------+--------+-----+--------+
         Total |  33532 |  32047 |   1485 |   6881 |  19123 |  33 | 1016.1 |
       Dungeon |  10633 |  10040 |    593 |   2178 |   6087 |  12 |  886.1 |
        Temple |    242 |    208 |     34 |      0 |    206 |   1 |  242.0 |
          Lair |   5080 |   4743 |    337 |    123 |   3787 |   5 | 1016.0 |
        Shoals |   4538 |   4386 |    152 |    558 |   2959 |   4 | 1134.5 |
     Snake Pit |   7429 |   7170 |    259 |   2171 |   4103 |   4 | 1857.2 |
    Slime Pits |    466 |    445 |     21 |    342 |      0 |   1 |  466.0 |
  Orcish Mines |   1705 |   1618 |     87 |    376 |    803 |   2 |  852.5 |
   Elven Halls |    153 |    153 |      0 |      0 |     67 |   1 |  153.0 |
        Bailey |   1315 |   1315 |      0 |    401 |    518 |   1 | 1315.0 |
      Ice Cave |    967 |    967 |      0 |    193 |    591 |   1 |  967.0 |
    Desolation |    999 |    999 |      0 |    538 |      0 |   1 |  999.0 |
               +--------+--------+--------+--------+--------+-----+--------+

Top non-repeatable levels by time:
 Snake:3: 2648 daAuts
 Snake:4: 2122 daAuts
 Snake:1: 1803 daAuts
Shoals:4: 1801 daAuts
    D:11: 1629 daAuts
     D:7: 1425 daAuts
   Orc:2: 1401 daAuts
  Bailey: 1315 daAuts
     D:9: 1256 daAuts
     D:3: 1203 daAuts
  Lair:5: 1183 daAuts
  Lair:2: 1177 daAuts
     D:6: 1072 daAuts
Shoals:3: 1046 daAuts
  Lair:4: 1000 daAuts
